 Dungeon Crawl Stone Soup version 0.20-a0-270-g8e735b6 (webtiles) character file.

52 Goblin1989 the Chopper (level 3, -6/29 HPs)
             Began as a Demonspawn Monk on Dec 11, 2016.
             Mangled by Robin
             ... wielding a +4 mace of protection
              (10 damage)
             ... on level 2 of the Dungeon.
             The game lasted 00:03:30 (1111 turns).

Goblin1989 the Chopper (Demonspawn Monk)            Turns: 1111, Time: 00:03:31

Health: -6/29      AC:  2    Str: 12    XL:     3   Next: 60%
Magic:  3/3        EV: 12    Int: 11    God:
Gold:   99         SH:  0    Dex: 15    Spells: 2/2 levels left

rFire  + + .     SeeInvis .     a - +0 hand axe
rCold  . . .     Gourm    .     b - +0 robe
rNeg   . . .     Faith    .     (no shield)
rPois  .         Spirit   .     (no helmet)
rElec  .         Reflect  .     (no cloak)
rCorr  .         Harm     .     (no gloves)
MR     .....                    (no boots)
Stlth  +.........               r - amulet of regeneration
                                (no ring)
                                f - ring of protection from fire

@: heavily drained
A: fire resistance 1, powered by death 1
a: no special abilities


You were on level 2 of the Dungeon.
You were hungry.

You visited 1 branch of the dungeon, and saw 2 of its levels.

You collected 99 gold pieces.

Inventory:

Hand Weapons
 a - a +0 hand axe (weapon)
Armour
 b - a +0 robe (worn)
 e - a +0 cloak
Jewellery
 f - a ring of protection from fire (left hand)
 r - an amulet of regeneration (around neck)
Scrolls
 d - a scroll of remove curse {unknown}
 h - a scroll of teleportation {unknown}
 i - a scroll of blinking {unknown}
 m - a scroll of magic mapping {unknown}
Potions
 g - a potion of haste {unknown}
 j - a potion of might {unknown}
 k - 2 potions of degeneration {unknown}
 n - a potion of agility {unknown}
 o - a potion of magic {unknown}
Comestibles
 c - 4 bread rations {@e1}
 l - 2 chunks of flesh {@w0}


   Skills:
 - Level 3.0(1.4) Fighting
 + Level 4.2(2.6) Axes
 - Level 2.6(1.1) Dodging
 - Level 1.7(0.2) Stealth


You had 2 spell levels left.
You didn't know any spells.

Dungeon Overview and Level Annotations

Branches:
Dungeon (2/15)

Altars:

Annotations:
D:2 Robin


Innate Abilities, Weirdness & Mutations

Your flesh is heat resistant. (rF+)
You regenerate a little health from kills.


Message History

Robin hits you with a mace of protection!
* * * LOW HITPOINT WARNING * * *
You take 7 damage, and have 9/29 hp.
MASSIVE DAMAGE!!
You hit Robin.
Robin is heavily wounded.
Robin roars a battlecry!
The hobgoblin goes into a battle-frenzy!
You closely miss Robin.
Robin is heavily wounded.
Robin closely misses you.
You hit Robin but do no damage.
Robin is heavily wounded.
Robin laughs in a distinctly smug fashion.
Robin hits you with a mace of protection!
* * * LOW HITPOINT WARNING * * *
You take 7 damage, and have 3/29 hp.
MASSIVE DAMAGE!!
You hit Robin but do no damage.
Robin is heavily wounded.
Robin hits you with a mace of protection!
You die...

.██ █......███.............██....
..███.......................█████
...██.....÷███...............███.
.................................
..████.█..██...............█.████
█..███.██.██████.....██..........
██...█.██..█ ████......l...█...
████...███.████████..████.██..>..
█........(....)†@ggl██ █..████..
█..........>█████████ ██.......
█.........█.█ ████g....
█.........█.█


██████ █........ ███..█.)███.██ █....█ ██...███.. █.██....█.g██
█....███.g█████.█ █.██.██.(...███......g.$██.....
██.██.█████....█.....███.██..... █...........██............█...g. You could see
Robin, a hobgoblin and a frilled lizard.

Vanquished Creatures
  An adder (D:2)
  3 dart slugs
  A leopard gecko (D:1)
  3 bats
  A giant cockroach (D:2)
  10 goblins (D:2)
  4 hobgoblins
  4 frilled lizards
  3 kobolds (D:1)
  3 rats
33 creatures vanquished.

Notes
Turn   | Place    | Note
-------+----------+-------------------------------------------
     0 | D:1      | Goblin1989 the Demonspawn Monk began the quest for the Orb.
     0 | D:1      | Reached XP level 1. HP: 18/18 MP: 1/1
   100 | D:1      | Reached skill level 3 in Axes
   368 | D:1      | Gained mutation: You regenerate a little health from kills. [demonic ancestry]
   368 | D:1      | Reached XP level 2. HP: 16/24 MP: 2/2
   829 | D:2      | Gained mutation: Your flesh is heat resistant. (rF+) [demonic ancestry]
   829 | D:2      | Reached XP level 3. HP: 12/29 MP: 3/3
  1000 | D:2      | Noticed Robin
  1027 | D:2      | Reached skill level 4 in Axes
  1111 | D:2      | Mangled by Robin

Vault maps used:
D:1:      erik_arrival_triangle_medium
D:2:      uniq_robin

Skill      XL: |  1  2  3 |
---------------+----------+-----
Axes           | 3 4 |  4.2
Fighting       | |  3.0
Dodging        | |  2.6
Stealth        | |  1.7

Action                   || total
-------------------------++-------
Melee: Hand axe          ||   126
 Stab: Sleeping          ||     1
Armor: Robe              ||    20
Dodge: Dodged            ||    97

Vault maps used:
D:1:      erik_arrival_triangle_medium
D:2:      uniq_robin
